Cogmind - Beta 16.1 @@@ ROGUE MODE // 2026.04.12 @ 00:50:40 Player: KURIIRI Result: Destroyed by CE-QGI(R) with Subdweller Machine Gun Performance ------------- Evolutions (0) 0 Regions Visited (2) 400 Robots Destroyed (47) 235 Value Destroyed (973) 973 Prototype IDs (0) 0 Alien Tech Used (0) 0 Bonus (0) 0 TOTAL SCORE: 1608 Bonus ------- None Cogmind --------- Core Integrity 0/250 Matter 300/300 Energy 228/250 System Corruption 0% Temperature Cool (0) Movement Rolling (120) Ox1 Location -10/Subcaves Parts ------- > --- POWER (1) -------- Ion Engine > --- PROPULSION (2) --- Light Treads Subdweller Monowheel > --- UTILITY (2) ------ Scrap Shield > --- WEAPON (2) ------- Subdweller Laser Subdweller Laser > --- INVENTORY (5) ---- Improved Heat Sink High-capacity Storage Unit Hacking Suite Beam Cannon Peak State ------------ > --- POWER ------------ Ion Engine > --- PROPULSION ------- Light Treads Compact Wheel > --- UTILITY ---------- Scrap Shield > --- WEAPON ----------- Subdweller Laser Subdweller Laser > --- INVENTORY -------- Subdweller Monowheel Improved Heat Sink High-capacity Storage Unit Hacking Suite Beam Cannon [Rating: 12] Favorites ----------- Power Ion Engine Engine Ion Engine Propulsion Light Treads Treads Light Treads Leg Aluminum Leg Wheel Compact Wheel Utility High-capacity Storage Unit Device Improved Terrain Scanner Storage High-capacity Storage Unit Protection Light Armor Plating Weapon Beam Cannon Energy Gun Subdweller Laser Energy Cannon Beam Cannon Ballistic Gun Subdweller Machine Gun Launcher Grenade Launcher Impact Weapon Hammer Build | -11 -10 -10 ------- Run | Yrd Mat Sub Slots Evolved . | . . . Power . | . . . Propulsion . | . . . Utility . | . . . Weapon . | . . . Parts Attached 23 | 3 11 9 Power . | . . . Engine . | . . . Core . | . . . Reactor . | . . . Propulsion 4 | 2 1 1 Treads 2 | 2 . . Leg . | . . . Wheel 2 | . 1 1 Hover . | . . . Flight . | . . . Utility 5 | 1 3 1 Device 1 | 1 . . Storage 2 | . 2 . Processor . | . . . Hackware . | . . . Protection 2 | . 1 1 Artifact . | . . . Weapon 14 | . 7 7 Energy Gun 6 | . 2 4 Energy Cannon 4 | . 3 1 Ballistic Gun 1 | . . 1 Ballistic Cannon . | . . . Launcher 2 | . 2 . Special Weapon . | . . . Impact Weapon 1 | . . 1 Slashing Weapon . | . . . Piercing Weapon . | . . . Special Melee Weapon . | . . . Unidentified Prototypes . | . . . Parts Lost 1 | . . 1 Power . | . . . Propulsion 1 | . . 1 Utility . | . . . Weapon . | . . . Highest Loss Streak 1 | . . 1 To Critical Strikes . | . . . Average Backups 10 | 6 11 10 Power . | 1 1 . Propulsion 1 | 4 2 1 Utility 3 | . 3 3 Weapon 4 | 1 4 4 Tool/Special . | . . . Unused Backups 15 | . 3 12 Power 2 | . 1 1 Propulsion 1 | . . 1 Utility 7 | . 1 6 Weapon 5 | . 1 4 Tool/Special . | . . . Average Slot Usage (%) 95 | . 100 90 Engine 14 | . 14 14 Treads 20 | . 26 14 Wheel 7 | . 1 13 Device 3 | . 5 . Storage 9 | . 14 5 Protection 10 | . 8 14 Energy Gun 7 | . 1 15 Energy Cannon 11 | . 16 5 Ballistic Gun 7 | . 7 7 Launcher 1 | . 2 . Peak Build Rating 12 | 9 10 12 Average Rating 9 | 6 8 10 On Entrance 7 | 6 9 8 Avg Prop Armor Cover (%) 7 | . 10 6 Naked Turns . | . . . Heaviest Build 60 | 14 54 60 Greatest Support 40 | 40 40 20 Greatest Overweight (x) 3 | . 3 3 Average Overweight (x) 1 | . . 1 Largest Inventory Capacity 20 | 8 20 20 Average Capacity 13 | 8 15 10 Most Carried 20 | 6 15 20 Average Carried 10 | 5 11 9 Final Capacity 20 | 8 20 5 Final Carried 15 | 4 15 4 Class Distribution -------------------- 70% | Mutant 29% | Subdweller-Mutant Dominant Class ---------------- Mutant | -10/Materials Subdweller-Mutant | -10/Subcaves Resources | -11 -10 -10 ----------- Run | Yrd Mat Sub Matter Collected 901 | 262 501 138 Remotely . | . . . Salvage Created 1388 | 85 645 658 Parts 84 | 2 44 38 Haulers Intercepted 2 | . 2 . Recyclers Shooed 3 | . 3 . Parts Field Recycled . | . . . Retrieved Matter . | . . . Parts Self-Destructed 10 | . . 10 Prevented . | . . . Parts Restored . | . . . Kills | -11 -10 -10 ------- Run | Yrd Mat Sub Combat Hostiles Destroyed 28 | . 14 14 Guns 10 | . 1 9 Cannons 8 | . 4 4 AOE 9 | . 9 . Classes Destroyed 11 | 2 7 2 Worker 6 | . 6 . Builder 2 | . 2 . Tunneler 2 | 1 1 . Hauler 2 | . 2 . Recycler 2 | 1 1 . Operator 2 | . 2 . Watcher 3 | . 3 . Swarmer 9 | . 9 . Grunt 6 | . 5 1 Artisan 1 | . . 1 Subdweller 13 | . . 13 Best Kill Streak 4 | 1 4 2 Combat Bots Only 3 | . 3 2 Max Kills in Single Turn 3 | 1 3 1 Gunslinging . | . . . Exploded 2 | . 2 . Melee . | . . . Uniques/NPCs Destroyed . | . . . Combat | -11 -10 -10 -------- Run | Yrd Mat Sub Hostile Shots Fired 102 | . 31 71 Missed 27 | . 11 16 Hits 75 | . 20 55 Projectile 75 | . 20 55 Critical Strikes 2 | . . 2 Damage Taken 1364 | . 225 1139 Core 252 | . 9 243 Absorbed by Shields . | . . . Core Remaining (%) 100 | 100 . . Volleys Fired 165 | 13 62 90 Largest 2 | 2 2 2 Hottest 120 | 40 120 120 Shots Fired 281 | 26 108 147 Gun 186 | 26 38 122 Cannon 79 | . 54 25 Launcher 16 | . 16 . Special . | . . . Kinetic 63 | 26 28 9 Thermal 202 | . 64 138 Explosive 16 | . 16 . Electromagnetic . | . . . Robot Hit Streak 20 | 7 8 20 Robot Miss Streak 4 | 2 4 3 Penetration Max . | . . . Secondary Targets . | . . . Shots Hit Robots 137 | 14 44 79 Core Hits 66 | 3 36 27 Critical Kills 1 | . . 1 Critical Parts Destroyed . | . . . Critical Strikes 4 | . 3 1 Burn 3 | . 3 . Meltdown 1 | . . 1 Melee Attacks 4 | . . 4 Impact 4 | . . 4 Slashing . | . . . Piercing . | . . . Sneak Attacks . | . . . Combat Hostiles . | . . . Follow-up Attacks . | . . . Damage Inflicted 3326 | 166 1540 1620 Guns 1625 | 166 247 1212 Cannons 925 | . 517 408 Explosions 776 | . 776 . Melee . | . . . Ramming . | . . . Kinetic 376 | 166 165 45 Thermal 2174 | . 599 1575 Explosive 776 | . 776 . Electromagnetic . | . . . Impact . | . . . Slashing . | . . . Piercing . | . . . Highest Corruption . | . . . Average Corruption . | . . . Corruption Purged . | . . . Corruption Blocked . | . . . Overload Shots . | . . . Overflow Damage 97 | . 97 . Projectiles 13 | . 13 . Explosions 84 | . 84 . Melee . | . . . Knockbacks . | . . . Impact . | . . . Kinetic . | . . . Secondary . | . . . Self-Inflicted Damage 38 | . 38 . Shots 1 | . 1 . Rammed . | . . . Targets Rammed . | . . . Kicked . | . . . Crushed . | . . . Highest Temperature 343 | . 343 81 Average Temperature 61 | . 84 22 Received Heat Transfer 351 | . 54 297 Effects 1 | . 1 . Energy Bleed 1 | . 1 . Siege Activations . | . . . Martial Activations . | . . . Shielding Activations . | . . . Robots Disrupted . | . . . Combat Hostiles . | . . . Robots Corrupted . | . . . Combat Hostiles . | . . . Parts Fried . | . . . Impact Corruptions . | . . . Robots Melted 1 | . . 1 Combat Hostiles 1 | . . 1 Parts Melted 8 | . 1 7 Heat Transferred 3682 | . 1517 2165 Parts Sabotaged . | . . . Parts Stolen . | . . . Parts Stripped . | . . . Power Chain Reactions . | . . . Alert | -11 -10 -10 ------- Run | Yrd Mat Sub Maximum Alert Level 1 | . 1 . Low Security (%) 96 | 100 96 . Level 1 3 | . 3 . Level 2 . | . . . Level 3 . | . . . Level 4 . | . . . Level 5 . | . . . High Security . | . . . Max Security . | . . . Peak Influence 221 | 5 221 . Initial . | . . . Average 73 | 1 76 . Influence Increases 633 | 10 593 30 Destroy 0b10 Robot/C 300 | . 280 20 Destroy 0b10 Robot/NC 95 | 10 85 . Destroy Leader 90 | . 80 10 Successful Hack 19 | . 19 . Select Force Hacks 30 | . 30 . Disable Machine 30 | . 30 . Destroy Structure 69 | . 69 . Influence Decreases 633 | 10 505 118 Entered New Map 43 | . . 43 Time Decay 584 | 10 505 69 Lost Part 6 | . . 6 Squads Dispatched 4 | . 4 . Investigation 2 | . 2 . Extermination . | . . . Reinforcement 2 | . 2 . Assault . | . . . Garrison . | . . . Intercept . | . . . Searches Triggered . | . . . Construction Impeded . | . . . Haulers Reinforced . | . . . Active Scanning Responses . | . . . Cargo Convoy Interrupts . | . . . Stealth | -11 -10 -10 --------- Run | Yrd Mat Sub Distress Signals . | . . . Communications Jammed . | . . . Distress Signals . | . . . Times Spotted 36 | . 21 15 Peak Tracking Total 3 | . 3 2 Tactical Retreats . | . . . Traps | -11 -10 -10 ------- Run | Yrd Mat Sub Traps Triggered . | . . . Indirectly . | . . . Trap Hack Attempts . | . . . Triggered . | . . . Disarmed . | . . . Reprogrammed . | . . . Reused . | . . . Traps Extracted . | . . . Installed . | . . . Triggered . | . . . Machines | -11 -10 -10 ---------- Run | Yrd Mat Sub Machines Disabled 2 | . 2 . Max in Single Turn 1 | . 1 . Machines Repaired . | . . . Machines Dismantled . | . . . Machines Sabotaged . | . . . Overloaded Fab Kills . | . . . Hacking | -11 -10 -10 --------- Run | Yrd Mat Sub Machines Accessed 9 | . 9 . Terminals 7 | . 7 . Fabricators . | . . . Repair Stations . | . . . Recycling Units 2 | . 2 . Scanalyzers . | . . . Garrison Access . | . . . Total Hacks 23 | . 23 . Successful 13 | . 13 . Failed 10 | . 10 . Catastrophic . | . . . Database Lockouts . | . . . Manual 19 | . 19 . Terminals 17 | . 17 . Fabricators . | . . . Repair Stations . | . . . Recycling Units 6 | . 6 . Scanalyzers . | . . . Garrison Access . | . . . Terminal Hacks 2 | . 2 . Robot Analysis 2 | . 2 . Fabricator Hacks . | . . . Repair Station Hacks . | . . . Recycling Unit Hacks 3 | . 3 . Process 1 | . 1 . Retrieve Matter 2 | . 2 . Scanalyzer . | . . . Garrison Access Hacks . | . . . Unauthorized Hacks 8 | . 8 . Terminals 7 | . 7 . Botnet 1 | . 1 . Skim 6 | . 6 . Fabricators . | . . . Repair Stations . | . . . Recycling Units 1 | . 1 . Tunnel 1 | . 1 . Scanalyzers . | . . . Garrison Access . | . . . Data Cores Recovered . | . . . Used . | . . . Hacking Detections 8 | . 8 . Full Trace Events 1 | . 1 . Feedback Events . | . . . Feedback Blocked . | . . . Robot Schematics Acquired . | . . . Robots Built . | . . . Authchips . | . . . Time . | . . . Total Robot Build Rating . | . . . Part Schematics Acquired . | . . . Parts Built . | . . . Authchips . | . . . Time . | . . . Total Part Build Rating . | . . . Part Studies Acquired . | . . . Parts Repaired . | . . . Time . | . . . Parts Recycled . | . . . Recycled Matter 188 | . 188 . Retrieved Matter 285 | . 285 . Retrieved Components . | . . . Parts Scanalyzed . | . . . Part Schematics Acquired . | . . . Parts Damaged . | . . . Bothacking | -11 -10 -10 ------------ Run | Yrd Mat Sub Used RIF Installer . | . . . Robots Hacked . | . . . Non-combat . | . . . Combat . | . . . Robot Hacks Applied . | . . . Relay Couplers Released . | . . . Fabnet Peak Effective % . | . . . Robots Rewired . | . . . Allies Hacked . | . . . Hacks Repelled . | . . . Allies | -11 -10 -10 -------- Run | Yrd Mat Sub Total Allies . | . . . Largest Group . | . . . Highest-Rated Group . | . . . Highest-Rated Ally . | . . . Total Orders . | . . . Ally Attacks . | . . . Total Damage . | . . . Kills . | . . . Allies Corrupted . | . . . Allies Melted . | . . . Intel | -11 -10 -10 ------- Run | Yrd Mat Sub Active Infowar (turns) 783 | 19 764 . Terrain 783 | 19 764 . Robot Analysis Total 2 | . 2 . Derelict Logs Recovered . | . . . Drone Launches . | . . . Drone Recoveries . | . . . Exploration | -11 -10 -10 ------------- Run | Yrd Mat Sub Turns Passed 3478 | 72 1838 1568 Spaces Moved 1729 | 24 796 909 Core . | . . . Treads 691 | 1 690 . Legs 23 | 23 . . Wheels 1015 | . 106 909 Hover . | . . . Flight . | . . . Fastest Speed 115 | 120 145 115 Average Speed 156 | 121 189 129 Slowest Speed 240 | 160 240 145 Overloaded Moves . | . . . Propulsion Burnouts . | . . . Robots Hopped . | . . . Potential Cave-ins . | . . . Cave-ins Triggered . | . . . Exploration Rate (%) 54 | 4 96 64 Regions Visited 2 Branch Regions 1 Pre-discovered Areas 1 | . 1 . Known Exits Taken 1 | . 1 . Unknown Exits Taken 1 | 1 . . Scrap Searched 11 | . . 11 Spaces Dug 24 | . 19 5 Terrain Destroyed 87 | . 77 10 Melee 1 | . . 1 Projectile 9 | . . 9 AOE 77 | . 77 . Terrain Rammed . | . . . Walls Destroyed . | . . . Machines Disabled . | . . . Actions | -11 -10 -10 --------- Run | Yrd Mat Sub Total 2216 | 43 1014 1159 Wait 216 | 2 128 86 Move 1727 | 23 795 909 Hop . | . . . Pick Up 24 | . 11 13 Fast Attach 7 | 1 2 4 Attach 1 | . . 1 Detach 3 | . . 3 Swap 21 | 2 12 7 Drop 35 | 2 4 29 Fire 165 | 13 62 90 Melee 4 | . . 4 Ram . | . . . Kick . | . . . Crush . | . . . Escape Stasis . | . . . Rewire . | . . . Trap . | . . . Miscellaneous 13 | . . 13 Route ------- -11/Scrapyard -10/Materials (discovered 5 exits: *Mat x3 / [*Min] / *Sub) -10/Subcaves (discovered 2 exits: *Mat / Rec) History --------- Turn | Location | Event 29 | -11/Scrapyard | Discovered new exit (range 3) 73 | -11/Scrapyard | Entered Materials 330 | -10/Materials | Build established: Mutant 451 | -10/Materials | Discovered new exit (range 9) 519 | -10/Materials | Discovered new exit (range 14) 633 | -10/Materials | Learned Storage garrison access intel 666 | -10/Materials | Learned Storage stockpile data 690 | -10/Materials | Learned location of 2 exits from Subcaves 705 | -10/Materials | Learned Storage trap positions 709 | -10/Materials | Loaded intel: 1 repair station location 710 | -10/Materials | Learned 4 Subcaves zone layouts 712 | -10/Materials | Identified exit to Materials 726 | -10/Materials | Identified exit to Subcaves 748 | -10/Materials | Learned Storage security intel 1911 | -10/Materials | Entered Subcaves 1912 | -10/Subcaves | Identified exit to Recycling 1912 | -10/Subcaves | Identified exit to Materials 2615 | -10/Subcaves | Disturbed a concealed Subdweller 2753 | -10/Subcaves | Build established: Subdweller-Mutant 2895 | -10/Subcaves | Shifting Twisted Machinery released Barrage Gun 2900 | -10/Subcaves | Shifting Twisted Machinery released Battle Rifle 3107 | -10/Subcaves | Ambushed by Subdweller buried in earth 3119 | -10/Subcaves | Core integrity fell below 50% 3166 | -10/Subcaves | A swath of the cavern ceiling suddenly collapsed 3228 | -10/Subcaves | Core integrity fell below 20% 3423 | -10/Subcaves | Ambushed by Subdweller buried in earth 3479 | -10/Subcaves | Destroyed by CE-QGI(R) with Subdweller Machine Gun Last Messages --------------- 03216_ 44-MLI(R) destroyed. 03228_ Sub. Power Source melted. 03228_ VS-KKA(R) destroyed. 03233_ Scrap Shield Fragment affixed to Scrap Shield (+45). 03235_ Scrap Shield Fragment affixed to Scrap Shield (+47). 03283_ Destroyed Aluminum Leg. 03287_ Critical hit (Burn: +37). 03298_ G-47 Trooper destroyed. 03304_ Lgt. Nuclear Core fries itself beyond repair. 03309_ Aluminum Leg fries itself beyond repair. 03309_ Acquired Imp. Heat Sink. 03358_ Scrap Shield Fragment affixed to Scrap Shield (+49). 03424_ YW-0LE(R): "SLEEPOVER!" 03429_ Com. Wheel destroyed. 03432_ YW-0LE(R) destroyed. 03436_ Acquired 10 matter. Map ----- +----------------------------------------------------+ | # # % % # #??????????????# | | ###??????????????# #### # | | %! ### ##?????????????# ##?## # | | # #[%/ ##?????????????????# ##??# ## | | # %%# #??????????????????# ##??## ## | | % [# ##?????????????????# #??## # | | ## ##????????????????####### ### # | | ## ##?????????????????????# #### | | ## ##?? ???????????????# #???# ### | | ## #?? ??????????????? ????## #?? | | ##? ?????????##??? ?????# ### | | % #? ????????? ##? ???# ## | | ##? #????????? #?? ?# | | % #####?? ##??????## ##? #??# | | ##????? ###????# ## #???## | | ## ###### #????# #?????# ### | | ### ## #???## ?????# ##?? | | ### #??# ?????# #??# | | ### #?# ????# #??# | | ??# ### ?????# ???# | | ??## ##? ???????## ???# | | ???## #### #????????##???# | | ????# ### ## #??????????????? | | #?# ? #???????????????? | | ##?# #? ##??????????????? | | ### ##??#@ ## ##?????????????? | | #?## ##???# #?????????????? | | ## ## ??# ####### ### #?????????????? | | ?# ?## ###### # # ### ##???????????????????? | | ??#####??# #R ##???????????????????? | | ?????????#*# ## #???????????????????? | | # ??????????#%##### # #???????????????????? | | ####??????????# #???## ## #???????????????????? | | ??????????????## #??# ##???????????????????? | | ??????????????>?# #?## #???????????????????? | | ?????????????????##??# # ##???????????????????? | | ???????????????????? ##????????????????????? | | ??????????????????# #?????????????????????? | | ????????????????? #?????????????????????? | | ???????????????# #?????????????????????? | | ?????????????? #?????????????????????? | | ?????????????# ?????????????????????? | | ?????????????# ?????????????????????? | | ?????????????### ## ?????????????????????? | | ???????????????##?# ????????????????????? | | ??????????????????## ????????????????????? | | ???????????????????## ????????????????????? | | ????????????????????# ????????????????????? | | ??????????????????????? ?????????????????????? | | ?????????????????????????????????????????????????? | +----------------------------------------------------+ Best States ------------- Heat Dissipation 25 Energy Generation 10 Energy Capacity 250 Matter Stores 300 Matter Capacity 300 Sight Range 16 Terrain Scan Range 16 Terrain Scan Density 10 Armor Coverage 800 Evasion (%) 55 Recoil Reduction 2 Item Schematics ----------------- None Robot Schematics ------------------ None Fabricated ------------ Nothing Repaired ---------- Nothing Studied --------- None Alien Tech Used ----------------- None Achievements -------------- None Challenges ------------ None Game ------ Seed BurstFireShield Manual? 0 Play Time 00:20:48 Cumulative 405.2 hours Start 2026.04.12 @ 00:21:42 End 2026.04.12 @ 00:50:40 Sessions 3 Manual Loads 0 Difficulty Rogue Special Mode None Game No. 347 Rogue 311 Adventurer 36 Explorer 0 Win Type - Total 5 Types 2/0/0/1/0/0/0/2/0/0 Lore% 75 Gallery% 67 Achievement% 56 Wizard Run 0 Options --------- Layout 1 ASCII 0 Keyboard 0 Movement Numpad Keybinds 0 Fullscreen 1 Font 48/Smallcaps Map View 50x35 Zoom Use 0% Tactical HUD 1 Map Filters NONE Filters NONE Steam 1 RUN: 0bcd5628-09f9-41d9-9042-4a84135494d9